 Dungeon Crawl Stone Soup version 0.23-a0-169-gb21e695 (webtiles) character file.

23 Amnesiac the Chiller (level 2, -4/19 HPs)
             Began as a Mummy Ice Elementalist on Sept 11, 2018.
             Slain by an orc
             ... wielding a +0 trident
              (10 damage)
             ... on level 2 of the Dungeon.
             The game lasted 00:01:02 (753 turns).

Amnesiac the Chiller (Mummy Ice Elementalist)        Turns: 753, Time: 00:01:03

Health: -4/19      AC:  2    Str: 11    XL:     2   Next: 75%
Magic:  0/2        EV: 12    Int: 14    God:
Gold:   44         SH:  0    Dex: 12    Spells: 4/7 levels left

rFire    x . .     SeeInvis .   d - +1 mace (antimagic)
rCold    + . .     Gourm    .   (no shield)
rNeg     + + +     Faith    .   a - +0 robe
rPois    ∞         Spirit   .   (no helmet)
rElec    .         Reflect  .   (no cloak)
rCorr    .         Harm     .   (no gloves)
MR       .....                  (no boots)
Stlth    ++........             (no amulet)
HPRegen  0.06/turn              (no ring)
MPRegen  0.08/turn              (no ring)

@: no status effects
A: no food or potions, fire vulnerability, cold resistance 1, negative energy
resistance 3, torment resistance, unbreathing
a: no special abilities


You were on level 2 of the Dungeon.
You were not hungry.

You visited 1 branch of the dungeon, and saw 2 of its levels.

You collected 44 gold pieces.

Inventory:

Hand Weapons
 d - a +1 antimagic mace (weapon)
Armour
 a - a +0 robe (worn)
Scrolls
 b - 2 scrolls of teleportation {!r, unknown}
 c - 3 scrolls of identify {!r, unknown}


   Skills:
 - Level 1.5 Dodging
 - Level 1.5 Stealth
 + Level 3.0 Spellcasting
 + Level 1.0 Conjurations
 * Level 3.1 Ice Magic


You had 4 spell levels left.
You knew the following spells:

 Your Spells              Type           Power        Failure   Level  Hunger
a - Freeze                Ice            ##..         6%          1    N/A
e - Throw Frost           Conj/Ice       #.....       14%         2    N/A

Your spell library contained the following spells:

 Spells                   Type           Power        Failure   Level  Hunger
 Ozocubu's Armour         Chrm/Ice       #.......     34%         3    N/A
 Throw Icicle             Conj/Ice       #.......     65%         4    N/A
 Summon Ice Beast         Ice/Summ       #.......     75%         4    N/A

Dungeon Overview and Level Annotations

Branches:
Dungeon (2/15)

Altars:


Innate Abilities, Weirdness & Mutations

You do not eat or drink.
Your flesh is vulnerable to fire.
You are immune to poison.
Your flesh is cold resistant. (rC+)
You are immune to negative energy. (rN+++)
You are immune to unholy pain and torment.
You can survive without breathing.


Message History

You thump the rat!
You kill the rat!
The bat misses you.
You see here a rat corpse.
Casting: Freeze (safe; 6% risk of failure)
Confirm with . or Enter, or press ? or * to list all spells.
Aiming: Freeze (safe; 6% risk of failure)
Press: ? - help, Shift-Dir - straight line, f - orc
Aim: an orc, wielding a mace You freeze the orc.
The orc is severely wounded.
The orc hits you but does no damage.
Casting: Freeze (safe; 6% risk of failure)
Confirm with . or Enter, or press ? or * to list all spells.
Aiming: Freeze (safe; 6% risk of failure)
Press: ? - help, Shift-Dir - straight line, f/p - orc
Aim: an orc, wielding a mace (severely wounded)
You freeze the orc.
You kill the orc!
Your Conjurations skill increases to level 1!
Casting: Freeze (safe; 6% risk of failure)
Confirm with . or Enter, or press ? or * to list all spells.
You don't have enough magic to cast that spell.
You barely miss the orc. The orc closely misses you.
You sock the orc!
You kill the orc!
The bat hits you but does no damage. x2
You closely miss the bat. The bat barely misses you.
You hit the bat.
You kill the bat!
The orc hits you with a hand axe.
Casting: Freeze (safe; 6% risk of failure)
Confirm with . or Enter, or press ? or * to list all spells.
You don't have enough magic to cast that spell.
Found 3 scrolls labeled PESUSTR FYTON.
Casting: Freeze (safe; 6% risk of failure)
Confirm with . or Enter, or press ? or * to list all spells.
You don't have enough magic to cast that spell.
Casting: Freeze (safe; 6% risk of failure)
Confirm with . or Enter, or press ? or * to list all spells.
You don't have enough magic to cast that spell.
Casting: Freeze (safe; 6% risk of failure)
Confirm with . or Enter, or press ? or * to list all spells.
You can't see any susceptible monsters within range! (Use Z to cast anyway.)
Casting: Freeze (safe; 6% risk of failure)
Confirm with . or Enter, or press ? or * to list all spells.
You can't see any susceptible monsters within range! (Use Z to cast anyway.)
A worker ant comes into view.
Found a red potion.
Casting: Freeze (safe; 6% risk of failure)
Confirm with . or Enter, or press ? or * to list all spells.
Aiming: Freeze (safe; 6% risk of failure)
Press: ? - help, Shift-Dir - straight line, f - orc
Aim: an orc, wielding a hand axe You freeze the orc.
The orc is severely wounded.
The orc hits you with a hand axe.
The worker ant twitches its antennae in your direction.
The orc hits you from afar with a trident.
* * * LOW HITPOINT WARNING * * *
The orc barely misses you. The orc hits you with a trident!
Ouch! That really hurt!
You die...

###### #..a.##
#!##o@## # ##o.##
###
?.####..###....#
................
#######.###....#..
#.# ##... #†# ##.#
#)# ##...##
######.###...#...


You could see a worker ant and 2 orcs.

Vanquished Creatures
  A dart slug (D:1)
  2 orcs (D:2)
  A ball python (D:1)
  4 bats
  A goblin (D:2)
  4 hobgoblins (D:1)
  A kobold (D:1)
  3 rats
17 creatures vanquished.

Notes
Turn   | Place    | Note
-------+----------+-------------------------------------------
     0 | D:1      | Amnesiac the Mummy Ice Elementalist began the quest for the
                  | Orb.
     0 | D:1      | Reached XP level 1. HP: 13/13 MP: 4/4
   444 | D:1      | Reached XP level 2. HP: 19/19 MP: 0/5
   448 | D:1      | Learned a level 2 spell: Throw Frost
   738 | D:2      | Reached skill level 1 in Conjurations
   753 | D:2      | Slain by an orc

Vault maps used:
D:1:      dpeg_cavernosity, minmay_pentomino_v4

Skill      XL: |  1  2 |
---------------+-------+-----
Ice Magic      | 3 |  3.1
Spellcasting   | 3 |  3.0
Conjurations   | 1 |  1.0
Dodging        | |  1.5
Stealth        | |  1.5

Action                   || total
-------------------------++-------
Melee: Unarmed           ||    13
       Mace              ||     7
 Cast: Freeze            ||    25
Armor: Robe              ||    21
Dodge: Dodged            ||    28

Table legend:
 A = Non-vault XP
 B = Vault XP
 C = Vault XP percentage of total XP
 D = Non-vault monster count
 E = Vault monster count
 F = Vault count percentage of total count
                 A         B        C        D         E       F
            +---------+---------+-------+---------+---------+-------
      Total |      21 |      13 |  38.2 |      10 |       7 |  41.2
            +---------+---------+-------+---------+---------+-------
        D:1 |      11 |      13 |  54.2 |       5 |       7 |  58.3
        D:2 |      10 |       0 |   0.0 |       5 |       0 |   0.0
            +---------+---------+-------+---------+---------+-------
